General information
- name: BNet
- type: Ladder team game (AT/RT)
- host: Battle.net
- saver: TheGreatTraitor
map: Battleground
- players: 8
- length: 28:59
- speed: Fast
- version: 1.27 W3XP
- replay type: Public
» download(210 KB)
Players
team 1 (winner)
Securidad3 (
yellow | 60 APM | 776 actions | 12:56)
4 Archmage
2 Summon Water Elemental
2 Brilliance Aura
» actions
| Assign group hotkey | 9 | |
| Basic commands | 27 | |
| Build / train | 55 | |
| ESC pressed | 1 | |
| Enter build submenu | 22 | |
| Enter hero's abilities submenu | 4 | |
| Give item / drop item | 1 | |
| Right click | 315 | |
| Select / deselect | 277 | |
| Select group hotkey | 15 | |
| Use ability | 50 | |
776 total
» units
| Peasant | 20 | |
| Footman | 2 | |
| Rifleman | 15 | |
| Mortar Team | 2 | |
39 total
» upgrades
| Masonry | 1 | |
| Lumber Harvesting | 1 | |
2 total
» buildings
| Altar of Kings | 1 | |
| Farm | 5 | |
| Barracks | 1 | |
| Blacksmith | 1 | |
| Arcane Vault | 1 | |
| Town Hall | 1 | |
| Scout Tower | 4 | |
| Arcane Tower | 3 | |
| Lumber Mill | 1 | |
| Keep | 1 | |
| Workshop | 1 | |
| Guard Tower | 1 | |
21 total
» build order
00:07 Altar of Kings
00:11 Farm
00:40 Barracks
01:04 Farm
01:51 Farm
02:39 Blacksmith
02:59 Arcane Vault
03:55 Farm
05:30 Town Hall
05:31 Scout Tower
05:33 Scout Tower
06:02 Arcane Tower
06:14 Arcane Tower
07:16 Lumber Mill
08:33 Keep
10:38 Scout Tower
10:45 Scout Tower
10:48 Farm
10:54 Workshop
11:11 Arcane Tower
11:46 Guard Tower
» items
| Scroll of Regeneration | 1 | |
| Lesser Clarity Potion | 1 | |
2 total
PLANET-VEGETA (
red | 76 APM | 2217 actions | 28:59)
6 Archmage
3 Summon Water Elemental
2 Brilliance Aura
1 Mass Teleport
» actions
| Assign group hotkey | 42 | |
| Basic commands | 1 | |
| Build / train | 123 | |
| Enter build submenu | 44 | |
| Enter hero's abilities submenu | 6 | |
| Give item / drop item | 3 | |
| Right click | 996 | |
| Select / deselect | 334 | |
| Select group hotkey | 488 | |
| Use ability | 180 | |
2217 total
» units
| Peasant | 24 | |
| Footman | 11 | |
| Forest Troll Shadow Priest | 1 | |
| Gryphon Rider | 2 | |
| Rifleman | 1 | |
| Mortar Team | 2 | |
| Dragonhawk Rider | 6 | |
47 total
» upgrades
| Masonry | 2 | |
| Lumber Harvesting | 1 | |
3 total
» buildings
| Altar of Kings | 2 | |
| Barracks | 1 | |
| Farm | 14 | |
| Scout Tower | 44 | |
| Lumber Mill | 2 | |
| Arcane Tower | 1 | |
| Town Hall | 3 | |
| Guard Tower | 52 | |
| Keep | 2 | |
| Arcane Vault | 2 | |
| Castle | 4 | |
| Gryphon Aviary | 5 | |
| Cannon Tower | 2 | |
134 total
» build order
00:11 Altar of Kings
00:22 Barracks
00:36 Farm
00:51 Farm
01:34 Farm
02:03 Scout Tower
02:32 Lumber Mill
02:40 Arcane Tower
04:21 Town Hall
04:23 Scout Tower
04:23 Scout Tower
05:09 Farm
05:33 Guard Tower
05:56 Guard Tower
05:56 Guard Tower
06:12 Farm
06:21 Scout Tower
06:21 Scout Tower
06:22 Scout Tower
06:53 Guard Tower
06:53 Guard Tower
07:35 Keep
07:35 Keep
08:26 Arcane Vault
08:50 Scout Tower
09:01 Scout Tower
09:02 Scout Tower
09:03 Scout Tower
09:46 Guard Tower
10:11 Castle
10:11 Castle
10:28 Gryphon Aviary
10:50 Gryphon Aviary
10:57 Guard Tower
10:57 Guard Tower
11:42 Farm
11:42 Farm
13:12 Scout Tower
13:12 Scout Tower
13:12 Scout Tower
13:13 Scout Tower
13:13 Scout Tower
13:14 Scout Tower
13:15 Scout Tower
13:16 Scout Tower
13:16 Scout Tower
13:16 Scout Tower
13:17 Scout Tower
13:17 Scout Tower
13:40 Scout Tower
13:41 Scout Tower
13:55 Guard Tower
14:49 Guard Tower
15:00 Guard Tower
15:00 Guard Tower
15:13 Lumber Mill
15:22 Guard Tower
15:23 Guard Tower
15:36 Guard Tower
15:36 Guard Tower
15:46 Scout Tower
15:46 Scout Tower
15:48 Scout Tower
16:09 Scout Tower
16:10 Scout Tower
16:10 Scout Tower
16:16 Scout Tower
16:16 Scout Tower
16:17 Scout Tower
16:18 Guard Tower
16:18 Guard Tower
16:28 Guard Tower
16:35 Scout Tower
16:36 Scout Tower
16:40 Scout Tower
16:45 Scout Tower
16:45 Scout Tower
16:51 Cannon Tower
16:53 Guard Tower
16:55 Guard Tower
16:55 Guard Tower
17:07 Guard Tower
17:08 Guard Tower
17:08 Guard Tower
17:08 Guard Tower
17:27 Guard Tower
17:28 Guard Tower
17:28 Guard Tower
17:28 Guard Tower
17:41 Guard Tower
17:41 Guard Tower
17:41 Guard Tower
18:05 Guard Tower
18:05 Guard Tower
18:13 Scout Tower
18:13 Scout Tower
18:13 Scout Tower
18:47 Guard Tower
18:48 Guard Tower
18:50 Guard Tower
19:13 Scout Tower
19:14 Scout Tower
19:14 Scout Tower
19:44 Altar of Kings
19:46 Guard Tower
19:59 Gryphon Aviary
19:59 Gryphon Aviary
20:54 Gryphon Aviary
20:58 Farm
20:58 Farm
20:58 Farm
21:04 Castle
21:05 Castle
21:42 Arcane Vault
23:26 Farm
23:26 Farm
23:27 Farm
23:27 Farm
26:12 Town Hall
27:13 Town Hall
» items
| Scroll of Regeneration | 2 | |
| Scroll of Town Portal | 2 | |
| Potion of Lesser Invulnerability | 1 | |
5 total

»
AxemanWalter (
purple | 100 APM | 1212 actions | 12:04)
3 Blademaster
2 Wind Walk
1 Critical Strike
2 Shadow Hunter
1 Hex
1 Healing Wave
» actions
| Assign group hotkey | 50 | |
| Basic commands | 67 | |
| Build / train | 41 | |
| ESC pressed | 1 | |
| Enter build submenu | 10 | |
| Enter hero's abilities submenu | 5 | |
| Give item / drop item | 2 | |
| Remove unit from queue | 1 | |
| Right click | 656 | |
| Select / deselect | 153 | |
| Select group hotkey | 168 | |
| Use ability | 58 | |
1212 total
» units
» buildings
| Altar of Storms | 1 | |
| Orc Burrow | 4 | |
| Barracks | 1 | |
| Voodoo Lounge | 1 | |
| Stronghold | 1 | |
| War Mill | 1 | |
| Fortress | 1 | |
| Beastiary | 2 | |
12 total
» build order
00:08 Altar of Storms
00:20 Orc Burrow
00:38 Barracks
01:26 Orc Burrow
02:05 Voodoo Lounge
03:27 Stronghold
03:30 Orc Burrow
04:11 War Mill
06:58 Fortress
07:01 Beastiary
07:03 Beastiary
07:21 Orc Burrow
» items
| Healing Salve | 3 | |
| Boots of Speed | 1 | |
| Lesser Clarity Potion | 3 | |
7 total
OsamaBinDrinkin (
pink | 101 APM | 1227 actions | 12:06)
3 Pandaren Brewmaster
2 Breath of Fire
1 Drunken Haze
» actions
| Assign group hotkey | 47 | |
| Basic commands | 3 | |
| Build / train | 68 | |
| ESC pressed | 1 | |
| Enter build submenu | 18 | |
| Enter hero's abilities submenu | 3 | |
| Give item / drop item | 2 | |
| Remove unit from queue | 2 | |
| Right click | 668 | |
| Select / deselect | 154 | |
| Select group hotkey | 203 | |
| Use ability | 58 | |
1227 total
» units
| Peasant | 14 | |
| Footman | 11 | |
| Gryphon Rider | 5 | |
30 total
» upgrades
| Lumber Harvesting | 2 | |
| Storm Hammers | 1 | |
| Animal War Training | 1 | |
4 total
» buildings
| Altar of Kings | 1 | |
| Farm | 6 | |
| Barracks | 1 | |
| Scout Tower | 2 | |
| Arcane Tower | 4 | |
| Keep | 4 | |
| Arcane Vault | 1 | |
| Lumber Mill | 1 | |
| Blacksmith | 1 | |
| Castle | 2 | |
| Gryphon Aviary | 3 | |
| Guard Tower | 4 | |
30 total
» build order
00:08 Altar of Kings
00:09 Farm
00:23 Barracks
00:45 Scout Tower
00:48 Scout Tower
01:30 Farm
02:08 Arcane Tower
02:09 Arcane Tower
02:56 Farm
03:09 Keep
03:09 Keep
03:10 Keep
03:43 Farm
03:45 Arcane Vault
04:23 Farm
05:21 Lumber Mill
05:24 Blacksmith
05:38 Castle
05:39 Castle
07:24 Gryphon Aviary
07:43 Gryphon Aviary
08:27 Gryphon Aviary
09:34 Guard Tower
09:35 Guard Tower
10:31 Farm
» items
| Scroll of Regeneration | 1 | |
| Lesser Clarity Potion | 1 | |
| Ivory Tower | 4 | |
6 total
team 2 (loser)

»
Death4Hillary (
teal | 81 APM | 1721 actions | 21:17)
4 Tauren Chieftain
2 War Stomp
2 Endurance Aura
3 Shadow Hunter
2 Healing Wave
1 Hex
» actions
| Assign group hotkey | 24 | |
| Basic commands | 23 | |
| Build / train | 62 | |
| ESC pressed | 2 | |
| Enter build submenu | 16 | |
| Enter hero's abilities submenu | 8 | |
| Give item / drop item | 1 | |
| Right click | 758 | |
| Select / deselect | 306 | |
| Select group hotkey | 469 | |
| Use ability | 52 | |
1721 total
» units
| Peon | 9 | |
| Troll Headhunter/Berserker | 23 | |
| Shaman | 6 | |
38 total
» upgrades
| Armor | 3 | |
| Ranged Weapons | 3 | |
| Troll Regeneration | 1 | |
| Shaman Training | 2 | |
| Berserker Upgrade | 1 | |
10 total
» buildings
| Altar of Storms | 1 | |
| Orc Burrow | 7 | |
| War Mill | 1 | |
| Barracks | 1 | |
| Voodoo Lounge | 1 | |
| Stronghold | 1 | |
| Fortress | 1 | |
| Spirit Lodge | 3 | |
16 total
» build order
00:20 Altar of Storms
00:23 Orc Burrow
00:56 War Mill
01:08 Barracks
01:44 Orc Burrow
02:05 Voodoo Lounge
03:12 Stronghold
03:30 Orc Burrow
04:50 Orc Burrow
06:46 Fortress
06:51 Spirit Lodge
06:56 Spirit Lodge
08:13 Spirit Lodge
10:27 Orc Burrow
14:27 Orc Burrow
14:29 Orc Burrow
» items
| Healing Salve | 2 | |
| Lesser Clarity Potion | 1 | |
3 total
TheGreatTraitor (
green | 104 APM | 3026 actions | 28:59)
5 Blademaster
3 Wind Walk
2 Critical Strike
1 Shadow Hunter
1 Healing Wave
» actions
| Assign group hotkey | 114 | |
| Basic commands | 255 | |
| Build / train | 92 | |
| ESC pressed | 3 | |
| Enter build submenu | 43 | |
| Enter hero's abilities submenu | 7 | |
| Give item / drop item | 6 | |
| Right click | 963 | |
| Select / deselect | 351 | |
| Select group hotkey | 1020 | |
| Use ability | 172 | |
3026 total
» units
| Peon | 12 | |
| Grunt | 6 | |
| Troll Headhunter/Berserker | 7 | |
| Raider | 2 | |
| Kodo Beast | 1 | |
| Wind Rider | 10 | |
38 total
» upgrades
| Armor | 3 | |
| Berserker Strength | 1 | |
| Pillage | 1 | |
| Ranged Weapons | 3 | |
| Ensnare | 1 | |
| Berserker Upgrade | 1 | |
| War Drums Damage Increase | 1 | |
| Reinforced Defenses | 1 | |
| Envenomed Spears | 1 | |
| Troll Regeneration | 1 | |
| Spiked Barricades | 1 | |
15 total
» buildings
| Orc Burrow | 12 | |
| Barracks | 1 | |
| Altar of Storms | 1 | |
| Voodoo Lounge | 1 | |
| Stronghold | 2 | |
| War Mill | 1 | |
| Watch Tower | 16 | |
| Fortress | 4 | |
| Beastiary | 3 | |
| Great Hall | 3 | |
44 total
» build order
00:14 Orc Burrow
00:55 Orc Burrow
01:09 Barracks
01:12 Altar of Storms
01:44 Voodoo Lounge
02:24 Orc Burrow
03:57 Stronghold
03:57 Stronghold
04:27 War Mill
04:49 Orc Burrow
06:10 Watch Tower
06:11 Watch Tower
07:36 Fortress
07:36 Fortress
07:36 Fortress
08:17 Beastiary
08:20 Beastiary
10:43 Great Hall
10:45 Watch Tower
11:02 Watch Tower
11:45 Great Hall
11:54 Watch Tower
12:26 Orc Burrow
12:27 Orc Burrow
12:30 Orc Burrow
12:32 Orc Burrow
12:38 Watch Tower
12:41 Watch Tower
12:42 Beastiary
14:57 Watch Tower
14:57 Watch Tower
18:57 Orc Burrow
19:49 Orc Burrow
19:50 Orc Burrow
20:11 Orc Burrow
22:58 Great Hall
27:37 Watch Tower
27:42 Watch Tower
27:44 Watch Tower
27:45 Watch Tower
27:49 Watch Tower
27:53 Watch Tower
27:58 Watch Tower
» items
| Healing Salve | 5 | |
| Lesser Clarity Potion | 1 | |
| Staff of Teleportation | 2 | |
| Potion of Lesser Invulnerability | 1 | |
| Potion of Healing | 1 | |
10 total
RAMMEDUPYOURAS5 (
orange | 87 APM | 1607 actions | 18:33)
5 Demon Hunter
2 Evasion
3 Mana Burn
3 Keeper of the Grove
2 Entangling Roots
1 Thorns Aura
3 Priestess of the Moon
1 Searing Arrows
2 Trueshot Aura
» actions
| Assign group hotkey | 58 | |
| Basic commands | 200 | |
| Build / train | 117 | |
| Enter build submenu | 16 | |
| Enter hero's abilities submenu | 11 | |
| Give item / drop item | 1 | |
| Right click | 642 | |
| Select / deselect | 222 | |
| Select group hotkey | 238 | |
| Use ability | 102 | |
1607 total
» units
| Wisp | 42 | |
| Archer | 2 | |
| Druid of the Claw | 30 | |
| Forest Troll Berserker | 1 | |
| Forest Troll Shadow Priest | 1 | |
76 total
» upgrades
| Strength of the Wild | 3 | |
| Reinforced Hides | 3 | |
| Well Spring | 1 | |
| Druid of the Claw Training | 2 | |
| Mark of the Claw | 1 | |
10 total
» buildings
| Altar of Elders | 1 | |
| Moon Well | 8 | |
| Ancient of War | 1 | |
| Tree of Ages | 1 | |
| Ancient of Wonders | 1 | |
| Hunter's Hall | 1 | |
| Tree of Eternity | 2 | |
| Ancient of Lore | 2 | |
| Tree of Life | 2 | |
19 total
» build order
00:06 Altar of Elders
00:17 Moon Well
00:50 Ancient of War
01:25 Moon Well
02:43 Tree of Ages
03:57 Moon Well
03:57 Moon Well
03:59 Ancient of Wonders
04:39 Hunter's Hall
05:11 Tree of Eternity
06:59 Ancient of Lore
07:01 Ancient of Lore
12:56 Tree of Life
14:24 Moon Well
14:24 Moon Well
14:25 Moon Well
14:26 Moon Well
16:51 Tree of Life
» items
| Potion of Healing | 2 | |
| Orb of Venom | 1 | |
3 total

»
crane_3 (
blue | 85 APM | 2371 actions | 28:03)
4 Mountain King
2 Storm Bolt
2 Bash
2 Paladin
1 Holy Light
1 Divine Shield
» actions
| Assign group hotkey | 20 | |
| Basic commands | 138 | |
| Build / train | 60 | |
| ESC pressed | 1 | |
| Enter build submenu | 20 | |
| Enter hero's abilities submenu | 6 | |
| Give item / drop item | 4 | |
| Right click | 944 | |
| Select / deselect | 309 | |
| Select group hotkey | 799 | |
| Use ability | 70 | |
2371 total
» units
| Peasant | 14 | |
| Footman | 4 | |
| Mortar Team | 7 | |
| Flying Machine | 1 | |
| Siege Engine | 2 | |
28 total
» upgrades
| Plating | 1 | |
| Masonry | 1 | |
| Gunpowder | 3 | |
| Lumber Harvesting | 2 | |
| Defend | 1 | |
| Flak Cannons | 1 | |
9 total
» buildings
| Barracks | 1 | |
| Altar of Kings | 1 | |
| Farm | 9 | |
| Scout Tower | 2 | |
| Arcane Tower | 1 | |
| Blacksmith | 1 | |
| Lumber Mill | 2 | |
| Keep | 1 | |
| Arcane Vault | 1 | |
| Guard Tower | 1 | |
| Workshop | 2 | |
| Castle | 1 | |
| Town Hall | 2 | |
25 total
» build order
00:11 Barracks
00:14 Altar of Kings
00:38 Farm
01:08 Farm
01:32 Scout Tower
02:00 Arcane Tower
02:27 Blacksmith
02:37 Lumber Mill
03:26 Keep
03:31 Farm
03:39 Arcane Vault
04:16 Scout Tower
04:51 Guard Tower
04:56 Farm
06:21 Farm
06:25 Workshop
06:40 Workshop
07:11 Farm
09:12 Castle
10:35 Farm
10:36 Farm
10:38 Farm
15:44 Lumber Mill
17:23 Town Hall
20:42 Town Hall
» items
| Scroll of Regeneration | 2 | |
| Lesser Clarity Potion | 2 | |
| Scroll of Town Portal | 1 | |
| Boots of Speed | 2 | |
| Staff of Teleportation | 2 | |
9 total
Chat log
(00:06 / All) PLANET-VEGETA: trump #1
(09:52 / All) RAMMEDUPYOURAS5: lmao
(10:15 / All) Securidad3: ohh right before tp
(10:53 / Allies) TheGreatTraitor: wood me if you can
(11:02 / Allies) TheGreatTraitor: ty
(11:41 / All) RAMMEDUPYOURAS5: lol
(11:57 / All) PLANET-VEGETA: god u guys are raping us
(11:58 / All) PLANET-VEGETA: lawl
(12:04 / All) PLANET-VEGETA: every 1b1 battle we are getting raped
(12:30 / All) Securidad3: yea, but pink couldn't hold his own vs blue
(12:47 / All) Securidad3: and red got 3k gold... grr gg
(13:03 / Allies) TheGreatTraitor: wood me if you can
(13:29 / Allies) TheGreatTraitor: wood me
(13:37 / Allies) TheGreatTraitor: come on blue you have tons
(13:42 / Allies) Death4Hillary: its over
(13:48 / Allies) TheGreatTraitor: so wood me and we can finish it sooner
(13:50 / Allies) TheGreatTraitor: don't waste time wtf
(14:14 / Allies) TheGreatTraitor: 1.1k wood
(14:23 / Allies) TheGreatTraitor: lumber hoarder
(14:32 / Allies) crane_3: sorry
(14:37 / Allies) TheGreatTraitor: spare some lumber?
(14:44 / Allies) crane_3: my father-in-law just called me
(14:50 / Allies) Death4Hillary: gl
(14:50 / Allies) TheGreatTraitor: share some wood blue
(14:53 / Allies) TheGreatTraitor: ty
(17:48 / Allies) crane_3: why this kid is killing me haha
(17:56 / Allies) TheGreatTraitor: It's in the rules
(18:33 / All) PLANET-VEGETA: F
(20:01 / All) TheGreatTraitor: I AM THE GREAT TRAITOR! THERE CAN BE NO OTHER!
(20:41 / Allies) Death4Hillary: ...
(21:13 / Allies) Death4Hillary: w/e
(21:15 / Allies) Death4Hillary: have fun
(21:23 / All) PLANET-VEGETA: nice lawl
(21:29 / All) PLANET-VEGETA: thx god oj dcd
(21:32 / All) TheGreatTraitor: My allies are pushovers
(22:32 / All) PLANET-VEGETA: mass tp baby
(23:04 / All) PLANET-VEGETA: be a man blue
(23:08 / All) PLANET-VEGETA: green was better player
(23:35 / Allies) TheGreatTraitor: good tp
(23:35 / Allies) crane_3: shit
(24:54 / All) TheGreatTraitor: Out blue
(24:54 / Allies) crane_3: oh fk
(24:56 / All) TheGreatTraitor: You may leave now
(24:59 / All) TheGreatTraitor: You have my permission
(25:17 / All) PLANET-VEGETA: i had to make a judgement call on which base to tower
(25:20 / All) PLANET-VEGETA: could only tower one
(25:28 / All) TheGreatTraitor: It worked out
(25:39 / All) PLANET-VEGETA: oj was south of us, next base over, 2 of urs were coming to mine next
(25:49 / All) PLANET-VEGETA: chose yellow
(25:52 / All) PLANET-VEGETA: i had no wood nor did yellow
(25:55 / All) PLANET-VEGETA: we got lucky
(26:25 / Allies) TheGreatTraitor: nice try
(27:28 / All) TheGreatTraitor: Blue, leave and you get a tie
(27:31 / All) TheGreatTraitor: Stay and you get a loss
(27:32 / All) PLANET-VEGETA: is blue talking? He embarassed me
(27:40 / All) TheGreatTraitor: My team has said nothing all game
(27:56 / All) PLANET-VEGETA: yellow said "help me expo and ill tk" basically
(28:09 / All) PLANET-VEGETA: statsing
(28:19 / All) PLANET-VEGETA: yellow 6-2
(28:26 / All) TheGreatTraitor: Teal 5-6
(28:33 / All) TheGreatTraitor: Orange 137-102
(28:34 / All) PLANET-VEGETA: pink 194-217
(28:37 / All) PLANET-VEGETA: wow
(28:38 / All) TheGreatTraitor: blue 10-14
(28:41 / All) PLANET-VEGETA: mistake?
(28:43 / All) PLANET-VEGETA: oj rec?
(28:50 / All) TheGreatTraitor: I say orange lose
(28:56 / All) PLANET-VEGETA: yea
(28:57 / All) PLANET-VEGETA: oj